 Dungeon Crawl Stone Soup version 0.26.1-11-gd32895ea62 (webtiles) character file.

Game seed: 13682893803009933822

127971 dtburroughs the Severer (level 16, -1/149 HPs)
             Began as a Minotaur Berserker on June 17, 2021.
             Was a High Priest of Trog.
             Slain by a wolf spider (5 damage)
             ... on level 2 of the Spider Nest.
             The game lasted 01:32:13 (36383 turns).

dtburroughs the Severer (Minotaur Berserker)       Turns: 36383, Time: 01:32:14

Health: -1/149     AC: 21    Str: 28    XL:     16   Next: 47%
Magic:  5/5        EV: 17    Int:  8    God:    Trog [*****.]
Gold:   2796       SH: 26    Dex: 11    Spells: 15/15 levels left

rFire    . . .     SeeInvis .   h - +4 broad axe of Dishonour {antimagic, Str+4}
rCold    . . .     Faith    .   I - +0 tower shield
rNeg     . . .     Spirit   .   U - +1 chain mail {rPois}
rPois    +         Reflect  +   (helmet restricted)
rElec    .         Harm     .   q - +1 cloak
rCorr    .         Rampage  .   c - +0 pair of gloves
Will     +....                  E - +1 pair of boots
Stlth    ..........             j - amulet of reflection
HPRegen  0.34/turn              v - +4 ring of evasion
MPRegen  0.09/turn              (no ring)

@: no status effects
A: retaliatory headbutt, horns 2
a: Renounce Religion, Berserk, Trog's Hand, Brothers in Arms


You were on level 2 of the Spider Nest.
You worshipped Trog.
Trog was extremely pleased with you.
You visited 4 branches of the dungeon, and saw 25 of its levels.

You collected 2796 gold pieces.

Inventory:

Hand Weapons
 d - a +4 antimagic broad axe
 h - the +4 broad axe of Dishonour (weapon) {antimagic, Str+4}
   (Trog gifted it to you on level 2 of the Orcish Mines)

   It reduces the magical energy of the wielder, and disrupts the spells and
   magical abilities of those hit.
   Natural abilities and divine invocations are not affected.
   It affects your strength (+4).
 r - a +0 battleaxe of freezing
 B - a +7 antimagic executioner's axe
 H - a +0 war axe of flaming
Armour
 c - a +0 pair of gloves (worn)
 q - a +1 cloak (worn)
 E - a +1 pair of boots (worn)
 I - a +0 tower shield (worn)
 U - a +1 chain mail of poison resistance (worn)
Jewellery
 b - the ring "Uklekoep" {+Blink rElec rF- rC+ Stlth+}
   (You found it on level 5 of the Lair of Beasts)

   [ring of protection from cold]

   It makes you vulnerable to fire.
   It protects you from cold.
   It insulates you from electricity.
   It lets you blink.
   It makes you more stealthy.
 j - an amulet of reflection (around neck)
 v - a +4 ring of evasion (left hand)
Wands
 f - a wand of disintegration (18)
 m - a wand of enslavement (21)
 n - a wand of digging (5)
 o - a wand of paralysis (7)
 F - a wand of flame (67)
 R - a wand of polymorph (27)
 T - a wand of iceblast (24)
 X - a wand of random effects (16)
Scrolls
 e - 11 scrolls of teleportation
 g - 2 scrolls of immolation
 k - 12 scrolls of remove curse
 p - 5 scrolls of fear
 u - 6 scrolls of blinking
 K - 5 scrolls of fog
 M - a scroll of holy word
 W - a scroll of silence {unknown}
Potions
 a - a potion of heal wounds
 i - a potion of lignification
 l - 6 potions of curing
 t - a potion of haste {unknown}
 z - 2 potions of might
 A - 2 potions of cancellation
 C - 4 potions of resistance
 G - 2 potions of flight
 L - 2 potions of invisibility
 N - a potion of mutation {unknown}
 Y - a potion of magic {unknown}
Miscellaneous
 Q - a condenser vane
 Z - a box of beasts


   Skills:
 + Level 15.1 Fighting
 + Level 18.2 Axes
 + Level 14.9 Armour
 + Level 13.7 Dodging
 + Level 14.4 Shields
 + Level 10.2 Evocations


You had 15 spell levels left.
You didn't know any spells.
Your spell library was empty.

Dungeon Overview and Level Annotations

Branches:
Dungeon (15/15)            Temple (0/1) D:4            Lair (6/6) D:11
 Shoals (0/4) Lair:3       Spider (2/4) Lair:2        Slime (0/5) Lair:6
    Orc (2/2) D:10            Elf (0/3) Orc:2        Vaults (0/5) D:14
 Depths (0/5) D:15

Altars:
Ashenzari
Fedhas
Gozag
Okawaru
Qazlal
Sif Muna
Yredelemnul
Zin
The Shining One
Beogh
Jiyva

Shops:
D:4 !   D:5 :   D:8 !*[?   Orc:1 =}:   Orc:2 **}(

Portals:
Pandemonium: Orc:2

Annotations:
D:14 Roxanne
Lair:1 exclusion: oklob plant
Lair:3 1 runed translucent door, Seniy's ghost, journeyman DrFE
Lair:5 2 transporters, oc3rt's ghost, journeyman KoHu


Innate Abilities, Weirdness & Mutations

You reflexively headbutt those who attack you in melee.
You have a pair of horns on your head.


Message History

You feel better. The spark wasp stings you! The spark wasp shocks you!
* * * LOW HITPOINT WARNING * * *
The wolf spider closely misses you. You furiously retaliate!
You headbutt the wolf spider. The wolf spider barely misses you.
A jumping spider comes into view.
You block the jumping spider's attack. x2
An entropy weaver comes into view.
You block the spark wasp's attack.
A jumping spider comes into view.
You block the wolf spider's attack.
The wolf spider bites you but does no damage.
Your troll goes berserk!
The jumping spider leaps!
You block the jumping spider's attack. x2
The spark wasp stings you!!
* * * LOW HITPOINT WARNING * * *
The spark wasp shocks you!
* * * LOW HITPOINT WARNING * * *
The wolf spider hits you but does no damage.
The wolf spider bites you.
You die...

.......°....s..s#
. ......<.........
..#...............
......#.....#(s#..
#...#......s...B.
#...^.....T...#..
..#..#...s........
.........s@.......
.........ys>......
!...#.............
..#...........#...
.........^....(#..
............#.....
#..#..........[...
##..........#.....


You could see an entropy weaver, a spark wasp, a wolf spider, an orb spider, 4
jumping spiders, a redback and a friendly troll (summoned, berserk).

Vanquished Creatures
  A ghost moth (Lair:2)
  A yaktaur captain (D:15)
  Fannar (Lair:3)
  Josephine (Lair:6)
  3 vault guards (D:14)
  An ice dragon (D:15)
  4 boulder beetles
  8 hydras
  11 two-headed ogres
  An ogre mage (D:15)
  2 death knights
  A centaur warrior (D:13)
  A queen ant (Lair:3)
  11 death yaks
  A tengu warrior (D:13)
  An orc high priest (Orc:2)
  A skeletal warrior (D:15)
  A sixfirhy (Orc:2)
  2 torturous demonspawn (Orc:2)
  2 unseen horrors
  6 orc knights
  A phantasmal warrior (D:13)
  A necromancer (D:15)
  2 orb spiders
  8 orc sorcerers
  4 wolf spiders
  A wolf spider zombie (D:14)
  3 manticores
  8 ugly things
  3 deep elf magi (D:15)
  7 elephants
  3 centaur zombies
  Joseph (D:7)
  4 black mambas
  2 gargoyles
  27 cane toads
  13 komodo dragons
  8 rime drakes
  3 demonic crawlers (Spider:1)
  2 tengu conjurers
  4 freezing wraiths
  3 yaktaurs (D:15)
  7 trolls
  A red devil (Orc:2)
  6 jumping spiders
  4 hornets
  3 meliai (D:15)
  4 tyrant leeches (Lair:6)
  31 blink frogs
  20 dream sheep
  5 slime creatures (D:15)
  A meliai zombie (D:13)
  9 wraiths
  2 shadows
  2 water elementals (D:14)
  23 redbacks
  4 humans (D:14)
  10 tarantellas
  6 wyverns
  A ynoxinul (Orc:2)
  34 yaks
  A vampire (D:13)
  14 vampire mosquitoes
  2 basilisks (Lair:3)
  A steam dragon (D:12)
  A chaos spawn (Orc:2)
  14 water moccasins
  A warg (Orc:2)
  15 soldier ants
  2 hell hounds (Lair:2)
  Duvessa (D:6)
  3 sky beasts
  2 hornet zombies
  38 orc warriors
  A phantom (D:12)
  7 ice beasts
  3 black bears
  5 necrophages
  12 wolves
  3 centaurs
  12 ogres
  A big kobold (D:7)
  A gnoll sergeant (D:8)
  36 bullfrogs
  Dowan (D:6)
  3 scorpions
  6 killer bees (D:12)
  24 wights
  3 howler monkeys
  5 electric eels
  2 bullfrog zombies
  A quasit (D:7)
  2 jellies
  Crazy Yiuf (D:2)
  35 orc priests
  5 hounds
  26 orc wizards
  A bullfrog skeleton (D:13)
  4 centaur skeletons
  5 iguanas
  3 hell rats (D:11)
  33 worker ants
  2 hound skeletons
  A howler monkey skeleton (D:7)
  12 gnolls
  15 adders
  2 river rats (D:11)
  A shadow imp (D:5)
  2 white imps
  An ufetubus (D:9)
  An adder skeleton (D:4)
  2 worms
  2 dart slugs
  9 leopard geckos
  119 orcs
  8 giant cockroaches
  6 goblins
  10 hobgoblins
  7 jackals
  6 quokkas
  A ball python (D:7)
  A ball python skeleton (D:4)
  11 bats
  4 frilled lizards
  2 jackal zombies
  12 kobolds
  A quokka skeleton (D:9)
  5 rats
921 creatures vanquished.

Vanquished Creatures (collateral kills)
  Kirke (D:11)
  An orc warlord (Orc:2)
  A vault guard (D:14)
  A death yak (D:11)
  An orc high priest (Orc:2)
  A soul eater (Orc:2)
  A sun demon (Orc:2)
  An orc knight (Orc:2)
  3 orc sorcerers (Orc:2)
  A hellwing (Orc:2)
  4 humans (D:14)
  12 orc warriors (Orc:2)
  An ogre (Orc:2)
  4 orc wizards (Orc:2)
  5 orc priests (Orc:2)
  12 orcs (Orc:2)
50 creatures vanquished.

Vanquished Creatures (others)
  A centaur skeleton (D:12)
  A redback (Spider:1)
  3 humans (D:12)
  An orc warrior (Orc:2)
  3 wights (D:12)
  An orc (D:12)
  65 fungi
  117 plants
  2 withered plants (Lair:3)
194 creatures vanquished.

Grand Total: 1165 creatures vanquished

Notes
Turn   | Place    | Note
-------+----------+-------------------------------------------
     0 | D:1      | dtburroughs the Minotaur Berserker began the quest for the
                  | Orb.
     0 | D:1      | Reached XP level 1. HP: 19/19 MP: 0/0
   254 | D:1      | Reached XP level 2. HP: 27/27 MP: 1/1
   792 | D:1      | Reached ** piety under Trog
   793 | D:1      | Reached skill level 4 in Axes
  1050 | D:1      | Reached XP level 3. HP: 32/33 MP: 2/2
  2213 | D:2      | Reached XP level 4. HP: 36/40 MP: 3/3
  2241 | D:2      | Found a runed translucent door.
  2242 | D:2      | Noticed Crazy Yiuf
  2795 | D:2      | Killed Crazy Yiuf
  3664 | D:3      | Reached XP level 5. HP: 47/47 MP: 4/4
  3953 | D:4      | Found Uwegeeg's Distillery.
  4068 | D:4      | Reached skill level 5 in Axes
  4199 | D:4      | Reached skill level 5 in Fighting
  4414 | D:4      | Reached *** piety under Trog
  4415 | D:4      | Reached XP level 6. HP: 51/56 MP: 5/5
  4543 | D:4      | Found a staircase to the Ecumenical Temple.
  4565 | D:4      | Reached skill level 1 in Shields
  4782 | D:5      | Entered Level 5 of the Dungeon
  4802 | D:5      | Found a glowing silver altar of Zin.
  4802 | D:5      | Found an opulent altar of Gozag.
  4838 | D:5      | Found Jituc's Book Emporium.
  4858 | D:5      | Noticed an orc warrior
  4866 | D:5      | Killed an orc warrior
  5146 | D:5      | Reached XP level 7. HP: 61/61 MP: 6/6
  5451 | D:5      | Found a broken altar of Ashenzari.
  5472 | D:5      | Reached skill level 5 in Armour
  5621 | D:5      | Found a glowing golden altar of the Shining One.
  5657 | D:5      | Reached skill level 6 in Axes
  6248 | D:6      | Noticed Duvessa
  6249 | D:6      | Noticed Dowan
  6263 | D:6      | Killed Duvessa
  6264 | D:6      | Reached skill level 5 in Dodging
  6267 | D:6      | Killed Dowan
  6402 | D:6      | Reached XP level 8. HP: 71/71 MP: 7/7
  6475 | D:6      | Reached skill level 7 in Axes
  6640 | D:7      | Noticed Joseph
  6653 | D:7      | Killed Joseph
  6822 | D:7      | Reached skill level 8 in Axes
  7003 | D:7      | Reached **** piety under Trog
  7080 | D:7      | Found a shimmering blue altar of Sif Muna.
  7198 | D:7      | Reached skill level 5 in Shields
  7218 | D:7      | Identified the +5 ring mail of Calculation {rF+}
  7298 | D:7      | Reached XP level 9. HP: 73/79 MP: 8/8
  7307 | D:7      | Reached skill level 9 in Axes
  7680 | D:8      | Found Hysupu's Antique Armour Boutique.
  7937 | D:8      | Found Pearaeko's Magic Scroll Emporium.
  8020 | D:8      | Found Gaut's General Store.
  8377 | D:8      | Found Wejer's Distillery.
  8530 | D:9      | Reached skill level 10 in Axes
  8533 | D:9      | Found a blossoming altar of Fedhas.
  8601 | D:9      | Found a stormy altar of Qazlal.
  8772 | D:9      | Reached XP level 10. HP: 90/90 MP: 9/9
  8891 | D:9      | Found a basalt altar of Yredelemnul.
  8892 | D:9      | Found an iron altar of Okawaru.
  8958 | D:9      | Reached skill level 11 in Axes
  9177 | D:9      | Reached skill level 1 in Evocations
  9685 | D:10     | Entered Level 10 of the Dungeon
  9693 | D:10     | Noticed a gargoyle
  9714 | D:10     | Killed a gargoyle
  9983 | D:10     | Noticed a two-headed ogre
  9993 | D:10     | Killed a two-headed ogre
 10270 | D:10     | Found a staircase to the Orcish Mines.
 10769 | D:10     | Noticed a two-headed ogre
 10791 | D:10     | Killed a two-headed ogre
 10792 | D:10     | Reached skill level 12 in Axes
 11292 | D:11     | Reached ***** piety under Trog
 11294 | D:11     | Noticed a two-headed ogre
 11301 | D:11     | Killed a two-headed ogre
 11302 | D:11     | Reached XP level 11. HP: 71/99 MP: 10/10
 11550 | D:11     | Noticed a death yak
 11551 | D:11     | Noticed a death yak
 11552 | D:11     | Noticed a death yak
 11822 | D:11     | Found a staircase to the Lair.
 11915 | D:11     | Reached skill level 10 in Fighting
 11935 | D:11     | Noticed a red ugly thing
 11948 | D:11     | Killed a red ugly thing
 12117 | D:11     | Noticed a boulder beetle
 12140 | D:11     | Killed a boulder beetle
 12226 | D:11     | Reached skill level 10 in Armour
 12627 | D:11     | Killed a death yak
 12628 | D:11     | Reached skill level 13 in Axes
 12633 | D:11     | Killed a death yak
 12646 | D:11     | HP: 4/101 [death yak (5)]
 12652 | D:11     | Killed a death yak
 13193 | D:12     | Noticed Kirke
 13198 | D:12     | Noticed a lindwurm
 13205 | D:12     | Noticed a boulder beetle
 13217 | D:11     | Noticed a harpy
 13217 | D:11     | Noticed a harpy
 13229 | D:11     | Killed Kirke
 13647 | Lair:1   | Entered Level 1 of the Lair of Beasts
 14211 | Lair:1   | Noticed a seven-headed hydra
 14222 | Lair:1   | Killed a two-headed hydra
 14223 | Lair:1   | Reached XP level 12. HP: 55/108 MP: 11/11
 14486 | Lair:1   | Noticed an eight-headed hydra
 14499 | Lair:1   | Killed a five-headed hydra
 14576 | Lair:1   | Reached skill level 5 in Evocations
 15130 | Lair:1   | Found a blossoming altar of Fedhas.
 15528 | Lair:2   | Reached skill level 14 in Axes
 15528 | Lair:2   | Reached skill level 10 in Shields
 15654 | Lair:2   | Noticed a seven-headed hydra
 15669 | Lair:2   | Killed a one-headed hydra
 15820 | Lair:2   | Reached skill level 10 in Dodging
 15832 | Lair:2   | Found a hole to the Spider Nest.
 16947 | Lair:3   | Paralysed by a hornet for 1 turns
 17151 | Lair:3   | Found a staircase to the Shoals.
 17358 | Lair:3   | Reached skill level 15 in Axes
 17368 | Lair:3   | Found a runed translucent door.
 17369 | Lair:3   | Noticed Seniy's ghost (journeyman DrFE)
 17680 | Lair:3   | Noticed a queen ant
 17694 | Lair:3   | Killed a queen ant
 17695 | Lair:3   | Reached XP level 13. HP: 115/117 MP: 12/12
 18585 | Lair:3   | Noticed Fannar
 18610 | Lair:3   | Killed Fannar
 19713 | Lair:4   | Reached skill level 16 in Axes
 21051 | Lair:5   | Reached XP level 14. HP: 127/127 MP: 13/13
 21092 | Lair:5   | Got a twitching lapis lazuli ring
 21094 | Lair:5   | Identified the ring "Uklekoep" {+Blink rElec rF- rC+
                  | Stlth+} (You found it on level 5 of the Lair of Beasts)
 21413 | Lair:5   | Got a translucent scale mail
 21420 | Lair:5   | Noticed oc3rt's ghost (journeyman KoHu)
 21460 | Lair:5   | Identified the +3 scale mail of Zoweec {Str+2 SInv} (You
                  | found it on level 5 of the Lair of Beasts)
 21598 | Lair:5   | Found a transporter.
 21602 | Lair:5   | Found a transporter.
 21964 | Lair:6   | Entered Level 6 of the Lair of Beasts
 22005 | Lair:6   | Received a gift from Trog
 22686 | Lair:6   | Noticed Josephine
 22698 | Lair:6   | Killed Josephine
 23272 | Lair:6   | Reached skill level 17 in Axes
 23429 | Lair:6   | Found a staircase to the Slime Pits.
 23452 | Lair:6   | Found a viscous altar of Jiyva.
 23977 | Lair:6   | Identified Imeedghile's Catalogue of Floating Flames
 25322 | D:13     | Received a gift from Trog
 25709 | D:13     | Reached XP level 15. HP: 42/137 MP: 4/14
 26732 | D:14     | Found a roughly hewn altar of Beogh.
 27540 | D:14     | Found a gate to the Vaults.
 29282 | D:14     | Noticed Roxanne
 29785 | D:14     | Noticed a tengu reaver
 30013 | D:15     | Entered Level 15 of the Dungeon
 30853 | D:15     | Found a staircase to the Depths.
 32870 | Orc:1    | Entered Level 1 of the Orcish Mines
 32884 | Orc:1    | Received a gift from Trog
 32930 | Orc:1    | Found Deph's Gadget Emporium.
 33083 | Orc:1    | Found Rouload's Book Emporium.
 33106 | Orc:1    | Found Filipina's Jewellery Shop.
 33357 | Orc:2    | Entered Level 2 of the Orcish Mines
 33629 | Orc:2    | Noticed an orc warlord
 33652 | Orc:2    | Killed an orc warlord
 33752 | Orc:2    | Reached XP level 16. HP: 112/147 MP: 15/15
 33754 | Orc:2    | Received a gift from Trog
 33765 | Orc:2    | Got a jewelled broad axe {god gift}
 33766 | Orc:2    | Identified the +4 broad axe of Dishonour {antimagic, Str+4}
                  | (Trog gifted it to you on level 2 of the Orcish Mines)
 33865 | Orc:2    | Found a staircase to the Elven Halls.
 34002 | Orc:2    | Found Keghuih's General Store.
 34053 | Orc:2    | Found Juotafolu's General Store.
 34608 | Orc:2    | Reached skill level 18 in Axes
 35196 | Orc:2    | Reached skill level 10 in Evocations
 35224 | Orc:2    | Paralysed by an orc sorcerer for 2 turns
 35230 | Orc:2    | Found Ecemeaho's Antique Weapon Shoppe.
 35230 | Orc:2    | Found a one-way gate leading to the halls of Pandemonium.
 35230 | Orc:2    | Found Suran's Gadget Emporium.
 35499 | Spider:1 | Entered Level 1 of the Spider Nest
 35813 | Spider:1 | Reached skill level 15 in Fighting
 36345 | Spider:1 | Received a gift from Trog
 36368 | Spider:1 | You fall into a shaft and drop 1 floor!
 36383 | Spider:2 | HP: 4/149 [spark wasp (17)]
 36383 | Spider:2 | Slain by a wolf spider

Illustrated notes

Levels and vault maps discovered:
D:1:      giann_horns, layout_basic, minmay_surrounded
D:2:      layout_loops_ring, uniq_crazy_yiuf_cottage
D:3:      layout_loops_ring
D:4:      layout_basic, temple_pool_b, serial_shops, shop,
          minmay_misc_feat_rows, lemuel_statue_altar
D:5:      layout_loops_ring, grunt_temple_overflow_gold_and_silver,
          nicolae_overflow_crystal_walls, evilmike_ruin_ashenzari, serial_shops,
          nicolae_shop_waterfront, minmay_manual_moon
D:6:      layout_rooms, uniq_duvessa
D:7:      layout_basic, hangedman_glass_teeth, led_sif_book, uniq_joseph
D:8:      layout_cave_pools, serial_shops, shop_fountains,
          nicolae_shop_waterfront, shop_statue, kennysheep_mini,
          kennysheep_generic_room_10
D:9:      layout_basic, grunt_temple_overflow_forces_of_nature,
          gammafunk_temple_overflow_statue, chequers_arboretum,
          kennysheep_generic_room_4
D:10:     layout_roguey, hiddenorc2_lemuel
D:11:     layout_loops_cross, dpeg_lair_monsters
D:12:     layout_cave_pools, enter_bailey_8, uniq_kirke
D:13:     layout_basic
D:14:     layout_basic, ximxim_vaults_locker_room, special_room
          [special_room_orc], onia_ninara_dug_in_and_dangerous, uniq_roxanne
D:15:     grunt_enter_depths_magical_seal, layout_irregular_city,
          nicolae_benzene_ring, kb_rosetta
Lair:1:   layout_loops_ring, chequers_serial_rivers_micro_e,
          nicolae_lair_grove_arrangements, tgw_fedhas
Lair:2:   layout_regular_city, spider_nest_entry_a, enter_volcano_3
Lair:3:   nzn_winding_woodlands_medium [nzn_winding_woodlands_5x5_default,
          nzn_winding_woodlands_5x15_split_checker,
          nzn_winding_woodlands_5x5_three, nzn_winding_woodlands_5x5_default,
          nzn_winding_woodlands_center_garden,
          nzn_winding_woodlands_5x5_open_star, nzn_winding_woodlands_5x5_cross,
          nzn_winding_woodlands_5x15_sawtooth,
          nzn_winding_woodlands_5x5_perimeter], layout_regular_city,
          elwin_shoals_entry_rocks, gammafunk_ghost_grave, zaba_anthell,
          uniq_fannar
Lair:4:   layout_loops_ring
Lair:5:   layout_small_grid, gammafunk_ghost_hive, roderic_carrion_pond,
          infiniplex_staircase_pool_2
Lair:6:   minmay_lair_end_frog_pond, layout_cave_pods, slime_altar_1,
          minmay_lair_drake_nest, uniq_josephine
Spider:1: layout_spider_delve
Spider:2: layout_spider_delve
Orc:1:    layout_caves, serial_shops, nicolae_shop_crystal, shop, shop
Orc:2:    pf_orc_diabolical, layout_caves

Skill      XL: |  1  2  3  4  5  6  7  8  9 10 11 12 13 14 15 16 |
---------------+-------------------------------------------------+-----
Fighting       | 4 5 6 7 8 9 10 11 12 13 14 15 | 15.1
Axes           | 4 5 6 8 10 12 13 15 16 17 18 | 18.2
Armour         | 3 4 5 6 8 9 10 11 12 13 14 | 14.9
Dodging        | 3 4 5 6 7 8 9 10 11 12 13 | 13.7
Shields        | 2 3 5 6 8 9 10 12 13 14 | 14.4
Evocations     | 3 4 6 7 8 9 10 | 10.2

Action                   |  1- 3 |  4- 6 |  7- 9 | 10-12 | 13-15 | 16-18 || total
-------------------------+-------+-------+-------+-------+-------+-------++-------
Melee: Hand axe          |    75 |    50 |       |       |       |       ||   125
       Headbutt          |     8 |    34 |    69 |   140 |   388 |    57 ||   696
       War axe           |       |    79 |   266 |   708 |  1375 |     8 ||  2436
       Executioner's axe |       |       |       |       |   312 |       ||   312
       Broad axe         |       |       |       |       |       |   268 ||   268
Invok: Berserk           |     1 |     1 |       |     1 |       |       ||     3
       Trog's Hand       |     1 |       |     5 |     8 |    15 |     5 ||    34
       Brothers in Arms  |       |       |       |     2 |     7 |     4 ||    13
Evoke: Wand              |       |       |       |     3 |       |     2 ||     5
  Use: Scroll            |       |       |     6 |     4 |    16 |     6 ||    32
       Potion            |       |       |       |     8 |       |     5 ||    13
 Stab: Paralysed         |       |       |       |       |       |     3 ||     3
Armor: Animal skin       |    10 |     2 |       |       |       |       ||    12
       Ring mail         |       |    45 |    69 |    10 |       |       ||   124
       Chain mail        |       |       |       |   167 |   339 |   123 ||   629
       Skin              |       |       |       |     2 |    36 |       ||    38
Dodge: Dodged            |    56 |    74 |   148 |   312 |   590 |   169 ||  1349
Block: Buckler           |       |     8 |    58 |   241 |    16 |       ||   323
       Tower shield      |       |       |       |       |  1222 |   360 ||  1582
       Reflection        |       |       |       |       |    39 |    12 ||    51
       Other             |       |       |       |       |    88 |       ||    88
